[ AOE2 MATCH · #475816922 ]
UnrankedKhmer vs Berbers
[ REPLAY ANALYSIS · EXTRACTED FROM THE RECORDED GAME ]
Feudal
11:12
Castle
13:56
Imperial
28:43
| APM avg | 26.3 |
| APM peak | 84 |
| eAPM avg | 16.1 |
| Villagers / military | 146 / 359 |
Focus
⚔️ 33.0% · 🌾 67.0%
Battle Elephant ×268 · Skirmisher ×60 · Scout Cavalry ×25 · Trebuchet (Packed) ×3 · Monk ×2 · Mangonel ×1
Feudal
8:07
Castle
22:48
Imperial
37:21
| APM avg | 35.7 |
| APM peak | 84 |
| eAPM avg | 22.8 |
| Villagers / military | 192 / 151 |
Focus
⚔️ 39.8% · 🌾 60.2%
Camel Archer ×80 · Scout Cavalry ×34 · Bombard Cannon ×17 · Knight ×9 · Trebuchet (Packed) ×5 · Mangonel ×2
Feudal
11:43
Castle
21:27
Imperial
40:50
| APM avg | 18.3 |
| APM peak | 41 |
| eAPM avg | 13.0 |
| Villagers / military | 158 / 220 |
Focus
⚔️ 38.5% · 🌾 61.5%
Samurai ×143 · Skirmisher ×44 · Battering Ram ×14 · Militia ×8 · Petard ×6 · Trebuchet (Packed) ×5
Feudal
8:25
Castle
20:39
Imperial
34:55
| APM avg | 28.3 |
| APM peak | 63 |
| eAPM avg | 15.8 |
| Villagers / military | 128 / 229 |
Focus
⚔️ 32.8% · 🌾 67.2%
Archer ×138 · Spearman ×73 · Bombard Cannon ×7 · Battering Ram ×5 · Mangonel ×3 · Monk ×1
Feudal
11:04
Castle
26:42
Imperial
37:28
| APM avg | 24.0 |
| APM peak | 39 |
| eAPM avg | 14.9 |
| Villagers / military | 119 / 289 |
Focus
⚔️ 33.5% · 🌾 66.5%
Composite Bowman ×244 · Militia ×36 · Trebuchet (Packed) ×6 · Spearman ×3
Feudal
12:11
Castle
16:30
Imperial
31:34
| APM avg | 27.2 |
| APM peak | 65 |
| eAPM avg | 16.5 |
| Villagers / military | 166 / 251 |
Focus
⚔️ 40.9% · 🌾 59.1%
Camel Scout ×183 · Scout Cavalry ×62 · Trebuchet (Packed) ×6
Match map
Initial resources + every placement click. Lines = walls · curves = elevation contours. ◆ gold · ⬟ stone · ● berries · ✦ relic · ◌ wall gap
Your base· ✓ Closed at 13:56 · 0t walls · 2 gate(s)
Cyndaquil's base· ✓ Closed at 22:48 · 56t walls · 2 gate(s)
香港艾森豪's base· ✓ Closed at 21:27 · 1t walls · 2 gate(s)
DL | Nato's base· ✓ Closed at 20:39 · 16t walls · 3 gate(s)
香港招商局陳局長's base· ✓ Closed at 26:42 · 39t walls · 3 gate(s)
XEVER | Tiburoncin's base· ✓ Closed at 16:30 · 0t walls · 2 gate(s)
Smoothed initial terrain · ◌ = detected wall gap · hover for details
Inputs per minute
— 禱已祈火槍冰 - - Cyndaquil
Build order — 禱已祈火槍冰
First 150 of 379 actions detected
| 0:03 | Build | House |
| 0:05 | Build | House |
| 0:06 | Create | Villager (Male) ×4 |
| 1:37 | Create | Villager (Male) |
| 1:53 | Create | Villager (Male) |
| 2:32 | Create | Villager (Male) |
| 2:32 | Create | Villager (Male) |
| 3:00 | Create | Villager (Male) |
| 3:00 | Create | Villager (Male) |
| 3:00 | Create | Villager (Male) |
| 3:09 | Build | Lumber Camp |
| 3:30 | Create | Villager (Male) |
| 3:30 | Create | Villager (Male) |
| 3:30 | Create | Villager (Male) |
| 4:10 | Build | House |
| 4:11 | Build | House |
| 4:17 | Create | Villager (Male) ×3 |
| 4:58 | Create | Villager (Male) ×2 |
| 5:17 | Create | Villager (Male) |
| 5:17 | Create | Villager (Male) |
| 5:17 | Create | Villager (Male) |
| 6:35 | Create | Villager (Male) |
| 6:35 | Create | Villager (Male) |
| 7:10 | Create | Villager (Male) |
| 7:23 | Build | Mill |
| 7:34 | Create | Villager (Male) |
| 9:02 | Research | Feudal Age |
| 9:31 | Build | Farm |
| 9:32 | Build | Farm |
| 9:38 | Build | Farm |
| 9:41 | Build | Farm |
| 9:53 | Build | Farm |
| 9:56 | Build | Farm |
| 10:00 | Build | Farm |
| 11:12 | Age | Feudal Age |
| 11:16 | Research | Castle Age |
| 11:16 | Research | Castle Age |
| 12:25 | Build | House |
| 12:26 | Build | House |
| 12:27 | Build | House |
| 13:23 | Create | Villager (Male) |
| 13:23 | Create | Villager (Male) |
| 13:23 | Create | Villager (Male) |
| 13:56 | Age | Castle Age |
| 13:58 | Build | Town Center |
| 14:09 | Build | Siege Workshop |
| 14:11 | Build | House |
| 14:26 | Build | Town Center |
| 14:31 | Create | Villager (Male) |
| 14:31 | Create | Villager (Male) |
| 14:34 | Research | Double-Bit Axe |
| 15:05 | Build | House |
| 15:06 | Build | House |
| 15:07 | Build | House |
| 15:59 | Build | Mining Camp |
| 16:05 | Create | Villager (Male) |
| 16:05 | Create | Villager (Male) |
| 16:05 | Create | Villager (Male) |
| 16:05 | Create | Villager (Male) |
| 16:13 | Build | Market |
| 16:18 | Build | House |
| 16:19 | Build | House |
| 16:25 | Create | Villager (Male) |
| 16:25 | Create | Villager (Male) |
| 16:25 | Create | Villager (Male) |
| 16:26 | Create | Villager (Male) |
| 16:57 | Create | Villager (Male) |
| 16:57 | Create | Villager (Male) |
| 16:57 | Create | Villager (Male) |
| 16:57 | Create | Villager (Male) |
| 17:28 | Create | Mangonel |
| 17:37 | Create | Villager (Male) ×5 |
| 18:06 | Build | Gate |
| 18:09 | Build | Monastery |
| 18:27 | Create | Villager (Male) ×2 |
| 18:34 | Build | Farm |
| 18:36 | Build | Farm |
| 18:37 | Build | Farm |
| 18:46 | Build | Farm |
| 18:50 | Create | Villager (Male) ×2 |
| 18:50 | Create | Villager (Male) ×2 |
| 19:06 | Build | House |
| 19:07 | Build | House |
| 19:09 | Build | House |
| 19:10 | Build | House |
| 19:14 | Create | Villager (Male) |
| 19:20 | Build | Farm |
| 19:22 | Build | Farm |
| 19:23 | Build | Farm |
| 19:26 | Build | Farm |
| 19:31 | Build | Farm |
| 19:54 | Create | Villager (Male) ×3 |
| 20:01 | Build | Farm |
| 20:03 | Build | Farm |
| 20:04 | Build | Farm |
| 20:05 | Build | Farm |
| 20:07 | Build | Farm |
| 20:08 | Build | Farm |
| 20:09 | Build | Farm |
| 20:19 | Create | Monk |
| 20:45 | Create | Villager (Male) ×5 |
| 20:46 | Create | Villager (Male) |
| 20:53 | Build | Farm |
| 20:54 | Build | Farm |
| 20:55 | Build | Farm |
| 21:48 | Create | Villager (Male) |
| 21:48 | Create | Villager (Male) |
| 21:49 | Create | Villager (Male) ×5 |
| 21:58 | Build | Farm |
| 22:00 | Build | Farm |
| 22:01 | Build | Farm |
| 22:02 | Build | Farm |
| 22:02 | Build | Farm |
| 22:04 | Build | Farm |
| 22:06 | Build | Farm |
| 23:03 | Create | Villager (Male) ×5 |
| 23:05 | Create | Villager (Male) ×5 |
| 23:11 | Build | Farm |
| 23:12 | Build | Farm |
| 23:13 | Build | Farm |
| 23:14 | Build | Farm |
| 23:15 | Build | Farm |
| 23:16 | Build | Farm |
| 23:17 | Build | Farm |
| 23:53 | Build | Gate |
| 23:56 | Build | Stone Wall |
| 23:57 | Build | House |
| 23:59 | Build | House |
| 24:00 | Build | House |
| 24:01 | Build | House |
| 24:02 | Build | House |
| 24:04 | Create | Villager (Male) ×5 |
| 24:11 | Research | Gold Mining |
| 24:11 | Research | Bow Saw |
| 24:12 | Research | Horse Collar |
| 24:34 | Create | Villager (Male) ×5 |
| 24:36 | Create | Villager (Male) |
| 25:13 | Research | Imperial Age |
| 25:20 | Research | Loom |
| 25:21 | Research | Wheelbarrow |
| 25:27 | Build | Town Center |
| 25:39 | Build | Farm |
| 25:39 | Build | Farm |
| 25:40 | Build | Farm |
| 25:48 | Build | Farm |
| 25:49 | Build | Farm |
| 25:51 | Build | Farm |
| 26:04 | Build | Town Center |
| 26:40 | Create | Villager (Male) ×5 |
| 26:48 | Research | Heavy Plow |
Build order — Cyndaquil
First 150 of 593 actions detected
| 0:01 | Create | Villager (Male) |
| 0:01 | Create | Villager (Male) |
| 0:02 | Build | House |
| 0:03 | Build | House |
| 0:07 | Create | Villager (Male) |
| 0:19 | Create | Villager (Male) |
| 1:29 | Build | Lumber Camp |
| 1:30 | Create | Villager (Male) |
| 1:52 | Create | Villager (Male) |
| 2:13 | Create | Villager (Male) |
| 2:51 | Create | Villager (Male) |
| 3:04 | Build | House |
| 3:09 | Create | Villager (Male) |
| 3:31 | Create | Villager (Male) |
| 3:42 | Create | Villager (Male) |
| 4:09 | Create | Villager (Male) |
| 4:40 | Build | Mill |
| 4:48 | Create | Villager (Male) |
| 4:49 | Research | Loom |
| 5:57 | Research | Feudal Age |
| 6:34 | Build | Mining Camp |
| 6:59 | Create | Villager (Male) |
| 7:26 | Build | House |
| 8:07 | Age | Feudal Age |
| 8:09 | Build | Watch Tower |
| 8:12 | Research | Double-Bit Axe |
| 8:16 | Research | Horse Collar |
| 8:18 | Create | Villager (Male) |
| 8:43 | Create | Villager (Male) |
| 9:09 | Build | Stone Wall |
| 9:12 | Create | Villager (Male) |
| 9:18 | Build | Stone Wall |
| 9:21 | Build | Stone Wall |
| 9:22 | Build | Stone Wall |
| 9:24 | Build | Stone Wall |
| 9:25 | Build | Stone Wall |
| 9:43 | Build | Stone Wall |
| 9:49 | Build | Stone Wall |
| 9:50 | Build | Stone Wall |
| 9:52 | Build | Stone Wall |
| 9:53 | Build | Stone Wall |
| 10:04 | Build | Stone Wall |
| 10:08 | Create | Villager (Male) |
| 10:13 | Build | Stone Wall |
| 10:14 | Build | Stone Wall |
| 10:14 | Build | Stone Wall |
| 10:19 | Build | Stone Wall |
| 10:20 | Build | Stone Wall |
| 10:29 | Build | Stone Wall |
| 10:30 | Build | Stone Wall |
| 10:32 | Build | Stone Wall |
| 10:36 | Create | Villager (Male) |
| 10:36 | Create | Villager (Male) |
| 10:45 | Build | Watch Tower |
| 10:46 | Create | Villager (Male) |
| 11:02 | Build | Outpost |
| 11:05 | Research | Town Watch |
| 11:19 | Build | House |
| 11:21 | Create | Villager (Male) |
| 11:23 | Build | Farm |
| 11:32 | Build | Stone Wall |
| 11:34 | Build | Stone Wall |
| 11:46 | Build | Stone Wall |
| 11:50 | Build | Stone Wall |
| 11:55 | Build | Watch Tower |
| 11:56 | Create | Villager (Male) |
| 12:02 | Build | Farm |
| 12:23 | Build | Farm |
| 12:44 | Build | Stone Wall |
| 12:45 | Build | Stone Wall |
| 12:48 | Create | Villager (Male) |
| 13:00 | Build | Farm |
| 13:04 | Build | Stone Wall |
| 13:04 | Build | Stone Wall |
| 13:05 | Build | Stone Wall |
| 13:11 | Build | Stone Wall |
| 13:14 | Build | Stone Wall |
| 13:14 | Build | Stone Wall |
| 13:17 | Create | Villager (Male) |
| 13:25 | Create | Villager (Male) |
| 13:35 | Build | Stone Wall |
| 13:38 | Build | Stone Wall |
| 13:52 | Create | Villager (Male) |
| 14:07 | Build | Stone Wall |
| 14:08 | Build | Stone Wall |
| 14:09 | Build | Stone Wall |
| 14:10 | Build | Stone Wall |
| 14:15 | Create | Villager (Male) |
| 14:20 | Build | Stone Wall |
| 14:31 | Build | Stone Wall |
| 14:34 | Build | Stone Wall |
| 14:36 | Build | Stone Wall |
| 14:41 | Create | Villager (Male) |
| 14:46 | Create | Villager (Male) |
| 14:49 | Build | House |
| 14:52 | Build | Mining Camp |
| 14:56 | Build | Watch Tower |
| 15:00 | Build | Farm |
| 15:01 | Create | Villager (Male) |
| 15:06 | Build | Farm |
| 15:10 | Build | House |
| 15:38 | Build | Stone Wall |
| 15:38 | Build | Stone Wall |
| 15:40 | Build | Stone Wall |
| 15:42 | Build | Stone Wall |
| 15:49 | Create | Villager (Male) |
| 15:57 | Build | House |
| 15:59 | Create | Villager (Male) |
| 16:02 | Build | Farm |
| 16:18 | Create | Villager (Male) |
| 16:24 | Build | Stone Wall |
| 16:26 | Build | Stone Wall |
| 16:28 | Build | Stone Wall |
| 16:29 | Build | Stone Wall |
| 16:34 | Build | Watch Tower |
| 16:37 | Build | Farm |
| 16:41 | Build | House |
| 16:45 | Create | Villager (Male) |
| 17:08 | Build | Stone Wall |
| 17:17 | Create | Villager (Male) |
| 17:19 | Build | House |
| 17:30 | Build | Stone Wall |
| 17:33 | Build | Outpost |
| 17:34 | Build | Stone Wall |
| 17:35 | Build | Stone Wall |
| 17:37 | Build | Stone Wall |
| 17:38 | Build | Stone Wall |
| 17:43 | Research | Wheelbarrow |
| 17:50 | Build | Lumber Camp |
| 17:57 | Build | House |
| 17:59 | Create | Villager (Male) |
| 18:21 | Build | Blacksmith |
| 18:58 | Build | Market |
| 19:07 | Build | House |
| 19:09 | Build | House |
| 19:20 | Build | Barracks |
| 19:35 | Build | Farm |
| 19:43 | Create | Villager (Male) |
| 20:07 | Research | Castle Age |
| 20:08 | Research | Castle Age |
| 20:15 | Build | Stable |
| 20:20 | Build | House |
| 20:35 | Build | Stable |
| 20:38 | Research | Scale Barding Armor |
| 20:44 | Build | Farm |
| 20:46 | Build | Farm |
| 20:49 | Build | Farm |
| 20:53 | Build | Farm |
| 21:19 | Build | Outpost |
| 21:25 | Build | Stone Wall |
Build order — 香港艾森豪
First 150 of 353 actions detected
| 0:03 | Build | House |
| 0:04 | Create | Villager (Male) |
| 0:04 | Create | Villager (Male) |
| 0:04 | Create | Villager (Male) |
| 0:05 | Create | Villager (Male) |
| 0:05 | Create | Villager (Male) |
| 0:05 | Create | Villager (Male) |
| 0:09 | Build | House |
| 0:10 | Build | House |
| 0:10 | Build | House |
| 1:34 | Create | Villager (Male) |
| 1:40 | Build | Lumber Camp |
| 2:13 | Create | Villager (Male) |
| 2:13 | Create | Villager (Male) |
| 2:30 | Create | Villager (Male) |
| 2:30 | Create | Villager (Male) |
| 3:01 | Create | Villager (Male) |
| 3:01 | Create | Villager (Male) |
| 3:14 | Create | Villager (Male) |
| 3:57 | Create | Villager (Male) |
| 3:58 | Create | Villager (Male) |
| 4:25 | Create | Villager (Male) |
| 4:25 | Create | Villager (Male) |
| 4:58 | Create | Villager (Male) |
| 4:58 | Create | Villager (Male) |
| 5:07 | Create | Villager (Male) |
| 5:08 | Create | Villager (Male) |
| 5:08 | Create | Villager (Male) |
| 5:41 | Create | Villager (Male) |
| 5:41 | Create | Villager (Male) |
| 5:42 | Create | Villager (Male) |
| 5:47 | Create | Villager (Male) |
| 5:48 | Create | Villager (Male) |
| 5:59 | Build | Mill |
| 6:22 | Create | Villager (Male) |
| 6:48 | Create | Villager (Male) |
| 6:55 | Create | Villager (Male) |
| 6:56 | Create | Villager (Male) |
| 6:57 | Create | Villager (Male) |
| 7:26 | Create | Villager (Male) |
| 7:32 | Build | Lumber Camp |
| 7:36 | Build | House |
| 7:37 | Build | House |
| 8:09 | Create | Villager (Male) |
| 8:09 | Create | Villager (Male) |
| 8:22 | Build | Barracks |
| 8:33 | Research | Loom |
| 8:37 | Create | Villager (Male) |
| 8:39 | Research | Feudal Age |
| 9:03 | Build | Mining Camp |
| 9:25 | Create | Militia |
| 9:25 | Create | Militia |
| 10:00 | Create | Villager (Male) |
| 10:00 | Create | Villager (Male) |
| 10:35 | Create | Militia |
| 10:36 | Create | Villager (Male) |
| 10:47 | Build | House |
| 10:56 | Build | Farm |
| 10:56 | Build | Farm |
| 10:56 | Build | Farm |
| 10:56 | Build | Farm |
| 10:57 | Build | Farm |
| 10:57 | Build | Farm |
| 11:07 | Build | Palisade Wall |
| 11:28 | Build | Farm |
| 11:29 | Build | Farm |
| 11:43 | Age | Feudal Age |
| 11:45 | Research | Man-at-Arms (upgrade) |
| 11:45 | Research | Man-at-Arms (upgrade) |
| 11:53 | Build | House |
| 12:30 | Build | House |
| 12:36 | Build | Gate |
| 12:47 | Create | Militia |
| 12:47 | Create | Militia |
| 13:51 | Create | Militia |
| 13:51 | Create | Militia |
| 13:51 | Create | Militia |
| 13:59 | Create | Villager (Male) |
| 14:00 | Create | Villager (Male) |
| 14:00 | Create | Villager (Male) |
| 14:32 | Create | Villager (Male) |
| 14:32 | Create | Villager (Male) |
| 15:48 | Build | Farm |
| 15:50 | Create | Villager (Male) |
| 16:02 | Build | Mining Camp |
| 16:54 | Create | Villager (Male) |
| 16:55 | Create | Villager (Male) |
| 16:55 | Create | Villager (Male) |
| 16:55 | Create | Villager (Male) |
| 17:05 | Build | Blacksmith |
| 17:18 | Build | Market |
| 18:47 | Research | Castle Age |
| 19:08 | Research | Stone Mining |
| 19:56 | Research | Double-Bit Axe |
| 20:17 | Build | Farm |
| 20:17 | Build | Farm |
| 20:17 | Build | Farm |
| 20:19 | Build | Farm |
| 21:02 | Research | Wheelbarrow |
| 21:18 | Research | Gold Mining |
| 21:27 | Age | Castle Age |
| 21:37 | Build | Castle |
| 22:06 | Build | Siege Workshop |
| 22:12 | Research | Arson |
| 22:13 | Research | Squires |
| 22:18 | Create | Villager (Male) |
| 22:25 | Build | Farm |
| 22:41 | Build | Farm |
| 22:45 | Create | Villager (Male) |
| 23:11 | Research | Scale Mail Armor |
| 23:20 | Create | Petard |
| 23:37 | Create | Samurai |
| 23:45 | Create | Petard |
| 23:46 | Create | Villager (Male) |
| 24:01 | Create | Battering Ram |
| 24:04 | Create | Villager (Male) |
| 24:25 | Build | Farm |
| 24:27 | Build | Farm |
| 24:33 | Create | Villager (Male) |
| 24:34 | Create | Samurai |
| 24:40 | Create | Samurai |
| 24:52 | Build | Farm |
| 24:58 | Create | Villager (Male) |
| 25:05 | Build | Farm |
| 25:09 | Build | Farm |
| 25:10 | Create | Villager (Male) |
| 25:16 | Create | Samurai |
| 25:23 | Create | Battering Ram |
| 25:45 | Create | Samurai |
| 25:49 | Create | Samurai |
| 25:54 | Create | Villager (Male) |
| 26:01 | Create | Villager (Male) |
| 26:06 | Create | Samurai |
| 26:19 | Create | Battering Ram |
| 26:22 | Create | Samurai |
| 26:24 | Create | Samurai |
| 26:36 | Create | Samurai |
| 26:43 | Build | House |
| 26:49 | Create | Villager (Male) |
| 26:59 | Create | Battering Ram |
| 27:01 | Create | Samurai |
| 27:07 | Create | Villager (Male) |
| 27:12 | Create | Samurai |
| 27:12 | Create | Samurai |
| 27:27 | Build | House |
| 27:28 | Build | House |
| 27:31 | Create | Samurai |
| 27:31 | Create | Samurai |
| 27:38 | Create | Samurai |
| 27:38 | Create | Samurai |
Build order — DL | Nato
First 150 of 388 actions detected
| 0:02 | Create | Villager (Male) |
| 0:02 | Create | Villager (Male) |
| 0:02 | Create | Villager (Male) |
| 0:02 | Create | Villager (Male) |
| 0:03 | Create | Villager (Male) |
| 0:05 | Build | House |
| 0:06 | Build | House |
| 1:40 | Create | Villager (Male) |
| 1:45 | Build | Lumber Camp |
| 1:59 | Create | Villager (Male) |
| 1:59 | Create | Villager (Male) |
| 2:14 | Create | Villager (Male) |
| 2:15 | Create | Villager (Male) |
| 2:30 | Create | Villager (Male) |
| 2:30 | Create | Villager (Male) |
| 2:55 | Create | Villager (Male) |
| 2:56 | Create | Villager (Male) |
| 3:33 | Build | House |
| 3:39 | Create | Villager (Male) |
| 3:40 | Create | Villager (Male) |
| 4:01 | Create | Villager (Male) |
| 4:29 | Create | Villager (Male) |
| 4:43 | Create | Villager (Male) |
| 4:47 | Create | Villager (Male) |
| 5:07 | Build | Mill |
| 5:50 | Create | Villager (Male) |
| 5:52 | Create | Villager (Male) |
| 5:52 | Research | Loom |
| 6:27 | Research | Feudal Age |
| 7:17 | Build | Mining Camp |
| 7:34 | Build | House |
| 8:16 | Create | Villager (Male) |
| 8:25 | Age | Feudal Age |
| 8:28 | Build | Watch Tower |
| 8:32 | Create | Villager (Male) |
| 8:36 | Research | Double-Bit Axe |
| 8:55 | Create | Villager (Male) |
| 9:13 | Create | Villager (Male) |
| 9:24 | Create | Villager (Male) |
| 9:27 | Research | Horse Collar |
| 9:43 | Create | Villager (Male) |
| 9:50 | Build | Farm |
| 9:53 | Build | Farm |
| 10:10 | Create | Villager (Male) |
| 10:15 | Build | Farm |
| 10:20 | Build | House |
| 10:27 | Create | Villager (Male) |
| 10:33 | Research | Town Watch |
| 10:34 | Create | Villager (Male) |
| 10:41 | Build | Farm |
| 10:51 | Create | Villager (Male) |
| 11:04 | Build | Watch Tower |
| 11:08 | Build | Stone Wall |
| 11:10 | Build | Stone Wall |
| 11:11 | Build | Stone Wall |
| 11:16 | Build | Stone Wall |
| 11:28 | Create | Villager (Male) |
| 11:45 | Create | Villager (Male) |
| 12:44 | Create | Villager (Male) |
| 13:12 | Build | Stone Wall |
| 13:16 | Build | Stone Wall |
| 13:18 | Build | Stone Wall |
| 13:20 | Build | Stone Wall |
| 13:48 | Create | Villager (Male) |
| 13:49 | Create | Villager (Male) |
| 13:51 | Build | Farm |
| 13:51 | Build | Farm |
| 14:12 | Build | Watch Tower |
| 14:14 | Create | Villager (Male) |
| 14:19 | Create | Villager (Male) |
| 14:29 | Build | Stone Wall |
| 14:46 | Build | Farm |
| 14:48 | Build | Farm |
| 14:50 | Build | Farm |
| 14:51 | Create | Villager (Male) |
| 14:54 | Build | House |
| 15:18 | Create | Villager (Male) |
| 15:23 | Build | Stone Wall |
| 15:37 | Build | Stone Wall |
| 15:57 | Build | Stone Wall |
| 16:00 | Build | Stone Wall |
| 16:01 | Build | Stone Wall |
| 16:02 | Build | Stone Wall |
| 16:16 | Build | Stone Wall |
| 16:25 | Create | Villager (Male) |
| 16:28 | Create | Villager (Male) |
| 16:30 | Build | Farm |
| 16:31 | Create | Villager (Male) |
| 16:31 | Create | Villager (Male) |
| 16:36 | Build | Mining Camp |
| 16:40 | Build | Blacksmith |
| 16:50 | Build | Outpost |
| 16:59 | Create | Villager (Male) |
| 17:47 | Build | Stone Wall |
| 18:03 | Build | Market |
| 18:12 | Create | Villager (Male) |
| 19:03 | Research | Castle Age |
| 19:05 | Build | House |
| 19:06 | Build | House |
| 19:20 | Build | Outpost |
| 19:35 | Create | Villager (Male) |
| 19:49 | Research | Stone Mining |
| 20:00 | Create | Villager (Male) |
| 20:03 | Research | Gold Mining |
| 20:06 | Build | House |
| 20:14 | Build | Outpost |
| 20:35 | Build | Outpost |
| 20:37 | Create | Villager (Male) |
| 20:39 | Age | Castle Age |
| 20:45 | Build | Town Center |
| 20:53 | Create | Villager (Male) |
| 20:54 | Create | Villager (Male) |
| 20:58 | Build | Siege Workshop |
| 21:02 | Build | House |
| 21:13 | Research | Wheelbarrow |
| 21:20 | Create | Villager (Male) |
| 21:42 | Build | Outpost |
| 21:48 | Create | Villager (Male) |
| 22:08 | Build | Castle |
| 22:13 | Create | Villager (Male) |
| 22:14 | Create | Villager (Male) |
| 22:25 | Create | Villager (Male) |
| 22:41 | Create | Villager (Male) |
| 22:46 | Build | Town Center |
| 22:50 | Create | Villager (Male) |
| 23:00 | Build | Outpost |
| 23:07 | Create | Villager (Male) |
| 23:11 | Create | Villager (Male) |
| 23:30 | Build | Outpost |
| 23:34 | Create | Villager (Male) |
| 23:36 | Build | Farm |
| 23:41 | Create | Villager (Male) |
| 23:41 | Create | Villager (Male) |
| 23:50 | Create | Villager (Male) |
| 24:07 | Build | House |
| 24:08 | Build | House |
| 24:24 | Create | Villager (Male) |
| 24:27 | Create | Villager (Male) |
| 24:30 | Create | Villager (Male) |
| 24:34 | Build | Farm |
| 24:38 | Build | Farm |
| 24:56 | Build | Outpost |
| 25:01 | Create | Villager (Male) |
| 25:04 | Create | Villager (Male) |
| 25:06 | Build | Farm |
| 25:06 | Build | Farm |
| 25:07 | Build | Farm |
| 25:07 | Build | Farm |
| 25:15 | Create | Villager (Male) |
| 25:15 | Create | Villager (Male) |
Build order — 香港招商局陳局長
First 150 of 285 actions detected
| 0:01 | Create | Villager (Male) ×4 |
| 0:04 | Build | House |
| 0:08 | Build | House |
| 0:09 | Build | House |
| 1:01 | Build | House |
| 1:04 | Build | House |
| 1:05 | Build | House |
| 1:31 | Create | Villager (Male) |
| 2:11 | Create | Villager (Male) |
| 2:26 | Create | Villager (Male) |
| 3:01 | Create | Villager (Male) |
| 3:25 | Create | Villager (Male) |
| 3:34 | Create | Villager (Male) |
| 4:13 | Create | Villager (Male) |
| 4:37 | Create | Villager (Male) ×3 |
| 4:49 | Build | Mill |
| 5:06 | Create | Villager (Male) |
| 5:21 | Build | Mule Cart |
| 5:41 | Create | Villager (Male) |
| 6:04 | Create | Villager (Male) |
| 6:08 | Create | Villager (Male) |
| 6:30 | Create | Villager (Male) |
| 7:04 | Create | Villager (Male) |
| 7:34 | Create | Villager (Male) ×5 |
| 8:18 | Research | Loom |
| 8:49 | Create | Villager (Male) ×5 |
| 8:54 | Research | Feudal Age |
| 10:44 | Create | Villager (Male) |
| 10:53 | Build | Outpost |
| 10:56 | Build | Outpost |
| 10:59 | Create | Villager (Male) |
| 11:04 | Age | Feudal Age |
| 11:08 | Build | Watch Tower |
| 11:23 | Build | Blacksmith |
| 12:06 | Build | Mule Cart |
| 12:08 | Create | Villager (Male) ×2 |
| 12:23 | Build | Stone Wall |
| 12:27 | Build | Stone Wall |
| 12:54 | Create | Villager (Male) |
| 13:19 | Build | Outpost |
| 13:28 | Create | Villager (Male) |
| 13:36 | Build | Stone Wall |
| 14:02 | Create | Villager (Male) |
| 14:28 | Build | Gate |
| 14:30 | Create | Villager (Male) |
| 14:35 | Create | Villager (Male) |
| 15:01 | Research | Fletching |
| 15:15 | Build | Watch Tower |
| 15:17 | Create | Villager (Male) |
| 16:03 | Build | Farm |
| 16:03 | Build | Farm |
| 16:03 | Build | Farm |
| 16:03 | Build | Farm |
| 16:04 | Build | Farm |
| 16:04 | Build | Farm |
| 16:04 | Build | Farm |
| 16:05 | Build | Farm |
| 16:05 | Build | Farm |
| 16:06 | Build | Farm |
| 16:06 | Build | Farm |
| 16:07 | Build | Farm |
| 16:09 | Create | Villager (Male) ×2 |
| 16:52 | Build | Watch Tower |
| 17:19 | Create | Villager (Male) ×2 |
| 17:25 | Create | Villager (Male) |
| 17:48 | Build | House |
| 18:03 | Build | House |
| 18:21 | Build | Stone Wall |
| 18:31 | Create | Villager (Male) ×5 |
| 18:36 | Build | Market |
| 19:00 | Create | Villager (Male) |
| 19:06 | Research | Double-Bit Axe |
| 19:35 | Build | Mule Cart |
| 19:40 | Build | House |
| 20:12 | Research | Horse Collar |
| 20:15 | Research | Stone Mining |
| 20:16 | Research | Gold Mining |
| 20:18 | Create | Villager (Male) |
| 20:21 | Build | House |
| 20:57 | Create | Villager (Male) |
| 21:01 | Build | Blacksmith |
| 21:03 | Build | House |
| 21:04 | Build | House |
| 21:07 | Create | Villager (Male) |
| 21:56 | Build | Stone Wall |
| 21:58 | Build | Stone Wall |
| 21:59 | Build | Stone Wall |
| 22:01 | Build | Stone Wall |
| 22:14 | Build | Barracks |
| 22:36 | Create | Spearman |
| 22:37 | Create | Spearman |
| 22:46 | Build | Mule Cart |
| 22:58 | Create | Spearman |
| 23:58 | Create | Villager (Male) |
| 23:58 | Create | Villager (Male) |
| 24:02 | Research | Castle Age |
| 25:18 | Build | House |
| 25:19 | Build | House |
| 25:21 | Research | Padded Archer Armor |
| 26:34 | Research | Wheelbarrow |
| 26:42 | Age | Castle Age |
| 26:52 | Build | Town Center |
| 27:00 | Build | Town Center |
| 27:49 | Build | Castle |
| 28:09 | Build | Siege Workshop |
| 28:14 | Research | Bodkin Arrow |
| 28:17 | Research | Leather Archer Armor |
| 28:30 | Build | House |
| 28:32 | Build | House |
| 28:37 | Create | Villager (Male) ×3 |
| 28:46 | Create | Villager (Male) |
| 29:08 | Create | Composite Bowman ×5 |
| 29:13 | Build | University |
| 29:15 | Create | Villager (Male) ×3 |
| 29:37 | Create | Villager (Male) |
| 29:39 | Build | Farm |
| 29:45 | Build | Farm |
| 29:52 | Create | Composite Bowman ×2 |
| 30:37 | Build | Mule Cart |
| 31:04 | Create | Composite Bowman ×2 |
| 31:29 | Create | Villager (Male) ×3 |
| 31:51 | Create | Composite Bowman ×5 |
| 32:25 | Create | Villager (Male) ×3 |
| 32:26 | Build | Farm |
| 32:46 | Create | Villager (Male) |
| 33:09 | Create | Villager (Male) ×2 |
| 33:21 | Create | Villager (Male) |
| 33:27 | Build | Farm |
| 33:27 | Build | Farm |
| 33:27 | Build | Farm |
| 33:27 | Build | Farm |
| 33:42 | Build | House |
| 33:43 | Build | House |
| 33:44 | Build | House |
| 33:45 | Build | House |
| 33:50 | Create | Villager (Male) ×2 |
| 34:00 | Build | Farm |
| 34:18 | Research | Imperial Age |
| 34:23 | Create | Villager (Male) ×2 |
| 34:36 | Research | Ballistics |
| 34:42 | Create | Villager (Male) ×3 |
| 35:24 | Build | Monastery |
| 35:46 | Create | Composite Bowman ×5 |
| 35:48 | Create | Composite Bowman ×5 |
| 35:51 | Create | Villager (Male) ×5 |
| 36:02 | Create | Villager (Male) ×3 |
| 36:05 | Build | Mule Cart |
| 36:09 | Build | House |
| 36:10 | Build | House |
| 36:10 | Build | House |
Build order — XEVER | Tiburoncin
First 150 of 594 actions detected
| 0:02 | Create | Villager (Male) |
| 0:02 | Create | Villager (Male) |
| 0:02 | Create | Villager (Male) |
| 0:04 | Build | House |
| 0:05 | Build | House |
| 0:31 | Create | Villager (Male) |
| 0:31 | Create | Villager (Male) |
| 0:31 | Create | Villager (Male) |
| 1:28 | Create | Villager (Male) |
| 1:28 | Create | Villager (Male) |
| 1:29 | Create | Villager (Male) |
| 1:56 | Create | Villager (Male) |
| 1:56 | Create | Villager (Male) |
| 2:02 | Build | Lumber Camp |
| 2:22 | Create | Villager (Male) |
| 2:22 | Create | Villager (Male) |
| 3:06 | Build | House |
| 3:21 | Create | Villager (Male) |
| 3:38 | Create | Villager (Male) |
| 3:38 | Create | Villager (Male) |
| 4:59 | Build | Mining Camp |
| 5:13 | Build | Mill |
| 5:26 | Create | Villager (Male) |
| 5:26 | Create | Villager (Male) |
| 5:27 | Create | Villager (Male) |
| 5:44 | Create | Villager (Male) |
| 5:59 | Create | Villager (Male) |
| 6:46 | Create | Villager (Male) |
| 6:48 | Build | House |
| 7:01 | Create | Villager (Male) |
| 7:31 | Create | Villager (Male) |
| 8:18 | Create | Villager (Male) |
| 8:37 | Create | Villager (Male) |
| 8:51 | Create | Villager (Male) |
| 9:20 | Build | Mining Camp |
| 9:35 | Research | Feudal Age |
| 9:40 | Build | House |
| 9:59 | Build | Farm |
| 10:01 | Build | Farm |
| 10:06 | Build | Farm |
| 10:11 | Build | Farm |
| 10:27 | Create | Villager (Male) |
| 11:27 | Build | House |
| 11:35 | Create | Villager (Male) |
| 12:11 | Age | Feudal Age |
| 12:21 | Build | Market |
| 12:32 | Build | Blacksmith |
| 13:43 | Build | Farm |
| 13:50 | Research | Castle Age |
| 14:43 | Build | Barracks |
| 14:47 | Build | Farm |
| 14:53 | Build | Farm |
| 14:57 | Research | Double-Bit Axe |
| 15:00 | Research | Horse Collar |
| 15:07 | Research | Stone Mining |
| 15:15 | Build | House |
| 15:21 | Build | Farm |
| 16:19 | Build | Farm |
| 16:21 | Build | Farm |
| 16:25 | Build | House |
| 16:30 | Age | Castle Age |
| 16:40 | Create | Villager (Male) |
| 16:40 | Create | Villager (Male) |
| 16:57 | Build | Mining Camp |
| 16:59 | Create | Villager (Male) |
| 17:00 | Create | Villager (Male) |
| 17:13 | Build | Town Center |
| 17:22 | Create | Villager (Male) |
| 17:47 | Create | Villager (Male) |
| 18:12 | Create | Villager (Male) |
| 18:22 | Build | Town Center |
| 18:25 | Research | Bow Saw |
| 18:30 | Create | Villager (Male) |
| 18:39 | Research | Wheelbarrow |
| 19:17 | Create | Villager (Male) |
| 19:17 | Create | Villager (Male) |
| 19:21 | Create | Villager (Male) |
| 19:22 | Create | Villager (Male) |
| 19:22 | Create | Villager (Male) |
| 19:27 | Build | Farm |
| 19:29 | Build | Farm |
| 19:48 | Build | House |
| 20:08 | Create | Villager (Male) |
| 20:09 | Create | Villager (Male) |
| 20:21 | Build | House |
| 20:42 | Create | Villager (Male) |
| 20:42 | Create | Villager (Male) |
| 20:45 | Build | Farm |
| 20:47 | Build | Farm |
| 20:51 | Create | Villager (Male) |
| 21:00 | Build | Stable |
| 21:04 | Create | Villager (Male) |
| 21:04 | Create | Villager (Male) |
| 21:05 | Create | Villager (Male) |
| 21:05 | Create | Villager (Male) |
| 21:06 | Create | Villager (Male) |
| 21:06 | Create | Villager (Male) |
| 21:11 | Research | Heavy Plow |
| 21:16 | Build | Farm |
| 21:32 | Build | Mining Camp |
| 21:35 | Create | Villager (Male) |
| 21:37 | Create | Villager (Male) |
| 21:38 | Create | Villager (Male) |
| 21:38 | Create | Villager (Male) |
| 21:39 | Create | Villager (Male) |
| 21:42 | Create | Villager (Male) |
| 22:01 | Build | House |
| 22:02 | Build | House |
| 22:11 | Build | Stable |
| 22:16 | Build | Farm |
| 22:18 | Build | Farm |
| 22:34 | Build | Farm |
| 22:40 | Create | Villager (Male) |
| 22:41 | Create | Villager (Male) |
| 22:41 | Create | Villager (Male) |
| 22:42 | Create | Villager (Male) |
| 22:42 | Create | Villager (Male) |
| 22:43 | Create | Villager (Male) |
| 22:47 | Build | Lumber Camp |
| 22:56 | Build | Farm |
| 22:58 | Create | Villager (Male) |
| 22:59 | Create | Villager (Male) |
| 23:11 | Build | Farm |
| 23:15 | Build | Farm |
| 23:20 | Build | Farm |
| 23:22 | Build | Farm |
| 23:30 | Build | House |
| 23:48 | Build | Farm |
| 23:49 | Build | Farm |
| 23:53 | Build | Farm |
| 23:58 | Build | Farm |
| 24:04 | Build | Farm |
| 24:12 | Build | Farm |
| 24:14 | Create | Villager (Male) |
| 24:15 | Create | Villager (Male) |
| 24:15 | Create | Villager (Male) |
| 24:15 | Create | Villager (Male) |
| 24:16 | Create | Villager (Male) |
| 24:17 | Create | Villager (Male) |
| 24:19 | Create | Villager (Male) |
| 24:38 | Build | Castle |
| 24:49 | Build | Farm |
| 24:54 | Build | Town Center |
| 24:57 | Build | Farm |
| 25:01 | Build | Farm |
| 25:02 | Create | Villager (Male) |
| 25:02 | Create | Villager (Male) |
| 25:03 | Create | Villager (Male) |
| 25:03 | Create | Villager (Male) |
| 25:03 | Create | Villager (Male) |
Match timeline
| 8:07 | Cyndaquil · age_up feudal |
| 8:22 | 香港艾森豪 · first_building Barracks |
| 8:25 | DL | Nato · age_up feudal |
| 9:09 | Cyndaquil · wall_segment Stone Wall x1 |
| 9:18 | Cyndaquil · wall_segment Stone Wall x1 |
| 9:21 | Cyndaquil · wall_segment Stone Wall x1 |
| 9:22 | Cyndaquil · wall_segment Stone Wall x1 |
| 9:24 | Cyndaquil · wall_segment Stone Wall x1 |
| 9:25 | Cyndaquil · wall_segment Stone Wall x1 |
| 9:43 | Cyndaquil · wall_segment Stone Wall x1 |
| 9:49 | Cyndaquil · wall_segment Stone Wall x1 |
| 9:50 | Cyndaquil · wall_segment Stone Wall x1 |
| 9:52 | Cyndaquil · wall_segment Stone Wall x1 |
| 9:53 | Cyndaquil · wall_segment Stone Wall x1 |
| 10:04 | Cyndaquil · wall_segment Stone Wall x1 |
| 10:13 | Cyndaquil · wall_segment Stone Wall x1 |
| 10:14 | Cyndaquil · wall_segment Stone Wall x1 |
| 10:14 | Cyndaquil · wall_segment Stone Wall x1 |
| 10:19 | Cyndaquil · wall_segment Stone Wall x1 |
| 10:20 | Cyndaquil · wall_segment Stone Wall x1 |
| 10:29 | Cyndaquil · wall_segment Stone Wall x1 |
| 10:30 | Cyndaquil · wall_segment Stone Wall x1 |
| 10:32 | Cyndaquil · wall_segment Stone Wall x1 |
| 11:04 | 香港招商局陳局長 · age_up feudal |
| 11:07 | 香港艾森豪 · wall_segment Palisade Wall x1 |
| 11:08 | DL | Nato · wall_segment Stone Wall x1 |
| 11:10 | DL | Nato · wall_segment Stone Wall x1 |
| 11:11 | DL | Nato · wall_segment Stone Wall x1 |
| 11:12 | 禱已祈火槍冰 · age_up feudal |
| 11:16 | DL | Nato · wall_segment Stone Wall x1 |
| 11:32 | Cyndaquil · wall_segment Stone Wall x1 |
| 11:34 | Cyndaquil · wall_segment Stone Wall x1 |
| 11:43 | 香港艾森豪 · age_up feudal |
| 11:46 | Cyndaquil · wall_segment Stone Wall x1 |
| 11:50 | Cyndaquil · wall_segment Stone Wall x1 |
| 12:11 | XEVER | Tiburoncin · age_up feudal |
| 12:23 | 香港招商局陳局長 · wall_segment Stone Wall x7 |
| 12:27 | 香港招商局陳局長 · wall_segment Stone Wall x10 |
| 12:44 | Cyndaquil · wall_segment Stone Wall x1 |
| 12:45 | Cyndaquil · wall_segment Stone Wall x1 |
| 13:04 | Cyndaquil · wall_segment Stone Wall x1 |
| 13:04 | Cyndaquil · wall_segment Stone Wall x1 |
| 13:05 | Cyndaquil · wall_segment Stone Wall x1 |
| 13:11 | Cyndaquil · wall_segment Stone Wall x1 |
| 13:12 | DL | Nato · wall_segment Stone Wall x1 |
| 13:14 | Cyndaquil · wall_segment Stone Wall x1 |
| 13:14 | Cyndaquil · wall_segment Stone Wall x1 |
| 13:16 | DL | Nato · wall_segment Stone Wall x1 |
| 13:18 | DL | Nato · wall_segment Stone Wall x1 |
| 13:20 | DL | Nato · wall_segment Stone Wall x1 |
| 13:35 | Cyndaquil · wall_segment Stone Wall x1 |
| 13:36 | 香港招商局陳局長 · wall_segment Stone Wall x9 |
| 13:38 | Cyndaquil · wall_segment Stone Wall x1 |
| 13:56 | 禱已祈火槍冰 · age_up castle |
| 14:07 | Cyndaquil · wall_segment Stone Wall x1 |
| 14:08 | Cyndaquil · wall_segment Stone Wall x1 |
| 14:09 | 禱已祈火槍冰 · first_building Siege Workshop |
| 14:09 | Cyndaquil · wall_segment Stone Wall x1 |
| 14:10 | Cyndaquil · wall_segment Stone Wall x1 |
| 14:20 | Cyndaquil · wall_segment Stone Wall x1 |
| 14:29 | DL | Nato · wall_segment Stone Wall x1 |
| 14:31 | Cyndaquil · wall_segment Stone Wall x1 |
| 14:34 | Cyndaquil · wall_segment Stone Wall x1 |
| 14:36 | Cyndaquil · wall_segment Stone Wall x1 |
| 14:43 | XEVER | Tiburoncin · first_building Barracks |
| 15:23 | DL | Nato · wall_segment Stone Wall x1 |
| 15:37 | DL | Nato · wall_segment Stone Wall x1 |
| 15:38 | Cyndaquil · wall_segment Stone Wall x1 |
| 15:38 | Cyndaquil · wall_segment Stone Wall x1 |
| 15:40 | Cyndaquil · wall_segment Stone Wall x1 |
| 15:42 | Cyndaquil · wall_segment Stone Wall x1 |
| 15:57 | DL | Nato · wall_segment Stone Wall x1 |
| 16:00 | DL | Nato · wall_segment Stone Wall x1 |
| 16:01 | DL | Nato · wall_segment Stone Wall x1 |
| 16:02 | DL | Nato · wall_segment Stone Wall x1 |
| 16:16 | DL | Nato · wall_segment Stone Wall x1 |
| 16:24 | Cyndaquil · wall_segment Stone Wall x1 |
| 16:26 | Cyndaquil · wall_segment Stone Wall x1 |
| 16:28 | Cyndaquil · wall_segment Stone Wall x1 |
| 16:29 | Cyndaquil · wall_segment Stone Wall x1 |
| 16:30 | XEVER | Tiburoncin · age_up castle |
| 17:08 | Cyndaquil · wall_segment Stone Wall x1 |
| 17:19 | 禱已祈火槍冰 · first_market_sell 100 wood |
| 17:30 | Cyndaquil · wall_segment Stone Wall x1 |
| 17:34 | Cyndaquil · wall_segment Stone Wall x1 |
| 17:35 | Cyndaquil · wall_segment Stone Wall x1 |
| 17:37 | Cyndaquil · wall_segment Stone Wall x1 |
| 17:38 | Cyndaquil · wall_segment Stone Wall x1 |
| 17:47 | DL | Nato · wall_segment Stone Wall x1 |
| 18:09 | 禱已祈火槍冰 · first_building Monastery |
| 18:21 | 香港招商局陳局長 · wall_segment Stone Wall x6 |
| 18:26 | 香港艾森豪 · first_market_buy 500 food |
| 18:30 | 香港艾森豪 · first_market_sell 100 wood |
| 19:02 | DL | Nato · first_market_sell 100 food |
| 19:20 | Cyndaquil · first_building Barracks |
| 20:15 | Cyndaquil · first_building Stable |
| 20:39 | DL | Nato · age_up castle |
| 20:58 | DL | Nato · first_building Siege Workshop |
| 21:00 | XEVER | Tiburoncin · first_building Stable |
| 21:25 | Cyndaquil · wall_segment Stone Wall x1 |
| 21:26 | Cyndaquil · wall_segment Stone Wall x1 |
| 21:27 | Cyndaquil · wall_segment Stone Wall x1 |
| 21:27 | 香港艾森豪 · age_up castle |
| 21:37 | 香港艾森豪 · first_building Castle |
| 21:56 | 香港招商局陳局長 · wall_segment Stone Wall x4 |
| 21:58 | 香港招商局陳局長 · wall_segment Stone Wall x1 |
| 21:59 | 香港招商局陳局長 · wall_segment Stone Wall x1 |
| 22:01 | 香港招商局陳局長 · wall_segment Stone Wall x6 |
| 22:06 | 香港艾森豪 · first_building Siege Workshop |
| 22:08 | DL | Nato · first_building Castle |
| 22:14 | 香港招商局陳局長 · first_building Barracks |
| 22:48 | Cyndaquil · age_up castle |
| 23:56 | 禱已祈火槍冰 · wall_segment Stone Wall x1 |
| 24:38 | XEVER | Tiburoncin · first_building Castle |
| 24:42 | Cyndaquil · first_building Siege Workshop |
| 26:05 | Cyndaquil · first_market_buy 100 wood |
| 26:16 | Cyndaquil · wall_segment Stone Wall x1 |
| 26:17 | Cyndaquil · wall_segment Stone Wall x1 |
| 26:20 | Cyndaquil · wall_segment Stone Wall x1 |
| 26:28 | DL | Nato · wall_segment Stone Wall x4 |
| 26:42 | 香港招商局陳局長 · age_up castle |
| 27:01 | 禱已祈火槍冰 · first_building Stable |
| 27:23 | XEVER | Tiburoncin · first_building Monastery |
| 27:49 | 香港招商局陳局長 · first_building Castle |
| 28:01 | DL | Nato · wall_segment Stone Wall x1 |
| 28:09 | 香港招商局陳局長 · first_building Siege Workshop |
| 28:40 | DL | Nato · wall_segment Stone Wall x6 |
| 28:43 | 禱已祈火槍冰 · age_up imperial |
| 28:58 | DL | Nato · first_building Monastery |
| 30:02 | Cyndaquil · wall_segment Stone Wall x1 |
| 30:11 | DL | Nato · first_market_buy 100 food |
| 30:35 | 香港招商局陳局長 · first_market_buy 100 wood |
| 30:35 | DL | Nato · wall_segment Stone Wall x9 |
| 31:20 | DL | Nato · wall_segment Stone Wall x2 |
| 31:34 | XEVER | Tiburoncin · age_up imperial |
| 31:43 | DL | Nato · first_building Barracks |
| 31:53 | DL | Nato · wall_segment Stone Wall x3 |
| 32:13 | DL | Nato · wall_segment Stone Wall x9 |
| 32:47 | DL | Nato · wall_segment Stone Wall x1 |
| 33:20 | Cyndaquil · first_building Castle |
| 33:27 | Cyndaquil · first_market_sell 100 wood |
| 33:53 | DL | Nato · first_building Archery Range |
| 34:12 | 禱已祈火槍冰 · tribute_sent a jugador 1 |
| 34:12 | 禱已祈火槍冰 · tribute_sent a jugador 2 |
| 34:12 | 禱已祈火槍冰 · tribute_sent a jugador 3 |
| 34:12 | 禱已祈火槍冰 · tribute_sent a jugador 4 |
| 34:12 | 禱已祈火槍冰 · tribute_sent a jugador 5 |
| 34:55 | DL | Nato · age_up imperial |
| 35:24 | 香港招商局陳局長 · first_building Monastery |
| 35:29 | 禱已祈火槍冰 · first_building Castle |
| 36:16 | 禱已祈火槍冰 · first_building Barracks |
| 36:21 | 禱已祈火槍冰 · first_building Archery Range |
| 37:21 | Cyndaquil · age_up imperial |
| 37:28 | 香港招商局陳局長 · age_up imperial |
| 37:45 | 香港招商局陳局長 · wall_segment Stone Wall x1 |
| 40:08 | 香港艾森豪 · first_building Archery Range |
| 40:50 | 香港艾森豪 · age_up imperial |
| 41:05 | 禱已祈火槍冰 · tribute_sent a jugador 1 |
| 41:05 | 禱已祈火槍冰 · tribute_sent a jugador 2 |
| 41:05 | 禱已祈火槍冰 · tribute_sent a jugador 3 |
| 41:05 | 禱已祈火槍冰 · tribute_sent a jugador 4 |
| 41:05 | 禱已祈火槍冰 · tribute_sent a jugador 5 |
| 44:53 | 禱已祈火槍冰 · tribute_sent a jugador 1 |
| 44:53 | 禱已祈火槍冰 · tribute_sent a jugador 2 |
| 44:53 | 禱已祈火槍冰 · tribute_sent a jugador 3 |
| 44:53 | 禱已祈火槍冰 · tribute_sent a jugador 4 |
| 44:53 | 禱已祈火槍冰 · tribute_sent a jugador 5 |
| 48:33 | XEVER | Tiburoncin · first_building Archery Range |
| 50:42 | DL | Nato · first_building Stable |
| 51:14 | 香港招商局陳局長 · first_market_sell 500 wood |
| 52:34 | 禱已祈火槍冰 · tribute_sent a jugador 1 |
| 52:34 | 禱已祈火槍冰 · tribute_sent a jugador 2 |
| 52:34 | 禱已祈火槍冰 · tribute_sent a jugador 3 |
| 52:34 | 禱已祈火槍冰 · tribute_sent a jugador 4 |
| 52:34 | 禱已祈火槍冰 · tribute_sent a jugador 5 |
| 54:38 | XEVER | Tiburoncin · resign |
[ AI ANALYSIS · 1 CREDIT ]
What really happened in this match?
Wolo.gg analyzes every decision: build order, eco, micro, common mistakes by bracket. Personalized analysis on WhatsApp or Discord in 30 seconds.
Civ guide
Khmer
Perfil
Jugador #20754820